 Dungeon Crawl Stone Soup version 0.29.1-12-g30fa7ad0bf (webtiles) character file.

Game seed: 10863681838520272802

6 Oxelix the Shield-Bearer (level 1, 0/19 HPs)
             Began as a Minotaur Fighter on Jan 4, 2023.
             Slain by a gnoll
             ... wielding a +0 spear
              (1 damage)
             ... on level 1 of the Dungeon.
             The game lasted 00:00:21 (26 turns).

Oxelix the Shield-Bearer (Minotaur Fighter)           Turns: 26, Time: 00:00:22

Health: 0/19       AC:  6    Str: 20    XL:     1   Next: 75%
Magic:  0/0        EV:  9    Int:  5    God:
Gold:   0          SH:  4    Dex:  9    Spells: 0/0 levels left

rFire   . . .      SeeInvis .   a - +0 long sword
rCold   . . .      Faith    .   c - +0 buckler
rNeg    . . .      Spirit   .   b - +0 scale mail
rPois   .          Reflect  .   (helmet restricted)
rElec   .          Harm     .   (no cloak)
rCorr   .          Rampage  .   (no gloves)
Will    .....                   (no boots)
Stlth   ..........              (no amulet)
HPRegen 0.06/turn               (no ring)
MPRegen 0.07/turn               (no ring)

@: mighty
A: horns 2, retaliatory headbutt
a: no special abilities


You were on level 1 of the Dungeon.
You visited 1 branch of the dungeon, and saw 1 of its levels.

Inventory:

Hand Weapons
 a - a +0 long sword (weapon)
Armour
 b - a +0 scale mail (worn)
 c - a +0 buckler (worn)
Scrolls
 e - a scroll of poison {unknown}


   Skills:
 - Level 3.6 Fighting
 * Level 3.2 Long Blades
 - Level 3.6 Armour
 - Level 3.6 Shields


You couldn't memorise any spells.
You didn't know any spells.
Your spell library was empty.

Dungeon Overview and Level Annotations

Branches:
Dungeon (1/15)

Altars:


Innate Abilities, Weirdness & Mutations

You have a pair of horns on your head.
You reflexively headbutt those who attack you in melee.


Message History

The frilled lizard bites you but does no damage.
The kobold hits you with a +0 club. The frilled lizard barely misses you.
The kobold hits you with a +0 club.
You feel very mighty all of a sudden. The frilled lizard bites you.
The kobold hits you but does no damage.
You closely miss the kobold. Your headbutt misses the kobold.
A ball python comes into view.
The frilled lizard closely misses you. The kobold barely misses you.
You closely miss the kobold.
The ball python hisses angrily.
The frilled lizard bites you. You block the kobold's attack.
You closely miss the kobold.
The frilled lizard bites you but does no damage.
The kobold hits you but does no damage. The rat bites you.
The frilled lizard bites you but does no damage.
The kobold hits you but does no damage.
You barely miss the kobold.
The frilled lizard bites you but does no damage.
You block the kobold's attack. The rat bites you but does no damage.
You closely miss the frilled lizard.
The frilled lizard bites you but does no damage.
The rat bites you.
* * * LOW HITPOINT WARNING * * *
The kobold barely misses you.
You miss the frilled lizard.
The frilled lizard bites you but does no damage.
The rat closely misses you. You furiously retaliate!
You headbutt the rat!
You kill the rat!
The kobold closely misses you. You furiously retaliate!
You headbutt the kobold!
You kill the kobold!
Your Long Blades skill increases to level 3!
You slash the ball python!
You kill the ball python!
The frilled lizard bites you.
* * * LOW HITPOINT WARNING * * *
You miss the frilled lizard. The frilled lizard bites you.
* * * LOW HITPOINT WARNING * * *
The gnoll hits you from afar with a +0 spear.
You die...

...............
.............!.
.............. ...
#............ #...
#........... #. .#...#
#..$.....!. ..#
#.....###..........
...##.....##.))lg......
#............@#.#....#
.... #.......#l.. .## .
..###.....###.#.. ...
#...#....###.. .#
.....#.<.#......#... ..
#.........###..#... )
#..#...#..# #.#.#.#
#..#...#..# .l. #.
##.##..# ###


You could see a gnoll and a frilled lizard.

Vanquished Creatures
  A ball python (D:1)
  A goblin (D:1)
  2 kobolds (D:1)
  A rat (D:1)
5 creatures vanquished.

Notes
Turn   | Place    | Note
-------+----------+-------------------------------------------
     0 | D:1      | Oxelix the Minotaur Fighter began the quest for the Orb.
     0 | D:1      | Reached XP level 1. HP: 19/19 MP: 0/0
    26 | D:1      | Slain by a gnoll

Illustrated notes

Levels and vault maps discovered:
D:1:      erik_arrival_blinker_ship, layout_rooms,
          hellmonk_ecumenical_altar_crossroads, minmay_tiny_reverse_x

Skill      XL: |  1 |
---------------+----+-----
Long Blades    | 3 |  3.2
Fighting       | |  3.6
Armour         | |  3.6
Shields        | |  3.6

Action                   || total
-------------------------++-------
Melee: Long sword        ||    14
  Use: Potion            ||     1
Armor: Scale mail        ||    15
Dodge: Dodged            ||    12
Block: Buckler           ||     2
